 Dungeon Crawl Stone Soup version 0.31.0-4-g52a2dc7128 (webtiles) character file.

Game seed: 11999796552213311858

108 Bobbunny the Trooper (level 4, -2/42 HPs)
             Began as a Minotaur Fighter on Jan 21, 2024.
             Killed by divine providence
             ... invoked by an orc priest
              (17 damage)
             ... on level 3 of the Dungeon.
             The game lasted 00:01:19 (1711 turns).

Bobbunny the Trooper (Minotaur Fighter)             Turns: 1711, Time: 00:01:20

Health: -2/42      AC:  6    Str: 23    XL:     4   Next: 58%
Magic:  3/3        EV:  9    Int:  5    God:
Gold:   95         SH:  4    Dex:  9    Spells: 3/3 levels left

rFire   . . .        a - +0 war axe
rCold   . . .        c - +0 buckler
rNeg    . . .        b - +0 scale mail
rPois   .            (helmet restricted)
rElec   .            (no cloak)
rCorr   .            (no gloves)
SInv    .            (no boots)
Will    .....        (no amulet) Stlth
                     (no ring)
HPRegen 0.27/turn    (no ring)
MPRegen 0.08/turn

%: no passive effects
@: no status effects
A: horns 2, retaliatory headbutt
a: no special abilities


You were on level 3 of the Dungeon.
You visited 1 branch of the dungeon, and saw 3 of its levels.

You collected 95 gold pieces.

Inventory:

Hand Weapons
 a - a +0 war axe (weapon)
Armour
 b - a +0 scale mail (worn)
 c - a +0 buckler (worn)
Jewellery
 k - a ring of willpower
Wands
 n - a wand of quicksilver (9)
Scrolls
 e - a scroll of identify {unknown}
 g - 2 scrolls of enchant armour {unknown}
 i - 2 scrolls of fog {unknown}
 j - a scroll of teleportation {unknown}
 l - a scroll of enchant weapon {unknown}
 o - a scroll of fear {unknown}
 p - a scroll of blinking {unknown}
Potions
 d - a potion of might
 f - a potion of mutation {unknown}
 h - a potion of heal wounds {unknown}
 m - 2 potions of curing {unknown}


   Skills:
 + Level 5.3 Fighting
 + Level 4.4 Axes
 - Level 3.6 Armour
 - Level 3.6 Shields


You had 3 spell levels left.
You didn't know any spells.
Your spell library contained the following spells:

 Spells                   Type           Power      Damage    Failure   Level
 Frozen Ramparts          Ice            0%         1d1       99%         3
 Tukima's Dance           Hex            0%         N/A       99%         3
 Leda's Liquefaction      Alch/Erth      0%         N/A       100%        4
 Passage of Golubria      Tloc           0%         N/A       100%        4
 Petrify                  Alch/Erth      0%         N/A       100%        4
 Metabolic Englaciation   Hex/Ice        0%         N/A       100%        5
 Yara's Violent Unravell  Hex/Alch       0%         3d3       100%        5


Dungeon Overview and Level Annotations

Branches:
Dungeon (3/15)

Altars:


Innate Abilities, Weirdness & Mutations

You have a pair of horns on your head.
You reflexively headbutt those who attack you in melee.


Message History

You slash the giant cockroach!
You kill the giant cockroach!
You closely miss the orc. You block the orc's attack.
You closely miss the orc. x2; You hit the orc.
The orc hits you with a +0 flail! The orc hits you with a +0 dagger.
The orc barely misses you. You furiously retaliate!
You headbutt the orc!
You kill the orc!
You are too injured to fight recklessly!
You are too injured to fight recklessly!
You are too injured to fight recklessly!
You are too injured to fight recklessly!
You are too injured to fight recklessly!
You are too injured to fight recklessly!
You are too injured to fight recklessly!
You are too injured to fight recklessly!
You are too injured to fight recklessly!
You are too injured to fight recklessly!
You are too injured to fight recklessly!
You are too injured to fight recklessly!
You are too injured to fight recklessly!
You are too injured to fight recklessly!
You are too injured to fight recklessly!
You are too injured to fight recklessly!
You are too injured to fight recklessly!
You are too injured to fight recklessly!
You hit the orc but do no damage. Your headbutt misses the orc.
The orc hits you with a +0 dagger. x2
You slash the orc!
You kill the orc!
You hit the orc priest.
The orc priest is lightly wounded.
The orc priest hits you with a +0 short sword.
You barely miss the orc priest.
The orc priest is lightly wounded.
The orc priest hits you with a +0 short sword.
You closely miss the orc. You headbutt the orc.
The orc is moderately wounded.
The orc priest mumbles some strange prayers to Beogh against you.
Beogh smites you!
You die...

#######.###.#
.### #.......#
#.# #
#.####### #.#
#.# #.# #.#
#.# #.######
#.. #......#
### ######.#
#@# #o#
#....oo...(..#
#..........#.#
#..........#
#..........#
#..........#
#..........#
#[.........#


You could see an orc priest and 2 orcs.

Vanquished Creatures
  Jessica (D:3)
  2 adders (D:2)
  A dart slug (D:2)
  A ribbon worm (D:2)
  2 orcs (D:3)
  3 ball pythons
  4 bats
  5 endoplasms
  2 giant cockroaches
  7 hobgoblins
  4 quokkas
  3 frilled lizards
  6 goblins
  6 kobolds
  8 rats
55 creatures vanquished.

Notes
Turn   | Place    | Note
-------+----------+-------------------------------------------
     0 | D:1      | Bobbunny the Minotaur Fighter began the quest for the Orb.
     0 | D:1      | Reached XP level 1. HP: 19/19 MP: 0/0
    99 | D:1      | Reached skill level 4 in Fighting
    99 | D:1      | Reached XP level 2. HP: 27/27 MP: 1/1
   348 | D:1      | Reached XP level 3. HP: 34/34 MP: 2/2
  1191 | D:2      | Reached XP level 4. HP: 41/41 MP: 3/3
  1381 | D:2      | Reached skill level 5 in Fighting
  1656 | D:3      | Noticed Jessica
  1661 | D:3      | Killed Jessica
  1711 | D:3      | Killed from afar by an orc priest

Illustrated notes

Levels and vault maps discovered:
D:1:      eino_arrival_water_cross, layout_loops_ring, corner_web_ring,
          minmay_tetromino_l2
D:2:      minmay_skewed_foursquare, layout_loops_ring, minmay_diced_spiral
D:3:      layout_basic, uniq_jessica

Skill      XL: |  1  2  3  4 |
---------------+-------------+-----
Fighting       | 4 5 |  5.3
Axes           | 3 4 |  4.4
Armour         | |  3.6
Shields        | |  3.6

Action                     |  1- 3 |  4- 6 || total
---------------------------+-------+-------++-------
  Melee: War axe           |    95 |    25 ||   120
         Headbutt          |    11 |     4 ||    15
 Armour: Scale mail        |    60 |    16 ||    76
  Dodge: Dodged            |    47 |    11 ||    58
  Block: Buckler           |    24 |     7 ||    31
